 Dungeon Crawl Stone Soup version 0.29.1-13-g9f3cf754e1 (webtiles) character file.

Game seed: 14266886108698824094

77 Thatpatchoflichen the Trooper (level 4, -3/49 HPs)
             Began as an Ogre Fighter on Feb 11, 2023.
             Killed by nerve-wracking pain
             ... invoked by Jessica
              (5 damage)
             ... on level 2 of the Dungeon.
             The game lasted 00:02:04 (1807 turns).

Thatpatchoflichen the Trooper (Ogre Fighter)        Turns: 1807, Time: 00:02:05

Health: -3/49      AC:  3    Str: 20    XL:     4   Next: 34%
Magic:  4/4        EV:  9    Int:  9    God:
Gold:   69         SH:  7    Dex: 10    Spells: 3/3 levels left

rFire   . . .      SeeInvis .   a - +0 long sword
rCold   . . .      Faith    .   c - +0 kite shield
rNeg    . . .      Spirit   .   b - +0 robe
rPois   .          Reflect  .   (helmet restricted)
rElec   .          Harm     .   (no cloak)
rCorr   .          Rampage  .   (gloves unavailable)
Will    .....                   (boots unavailable)
Stlth   +.........              (no amulet)
HPRegen 0.16/turn               (no ring)
MPRegen 0.09/turn               (no ring)

@: no status effects
A: large, unfitting armour, tough skin 1
a: no special abilities


You were on level 2 of the Dungeon.
You visited 1 branch of the dungeon, and saw 3 of its levels.

You collected 69 gold pieces.

Inventory:

Hand Weapons
 a - a +0 long sword (weapon)
Missiles
 i - 6 atropa-tipped darts (quivered)
 j - 4 javelins
Armour
 b - a +0 robe (worn)
 c - a +0 kite shield (worn)
Scrolls
 k - a scroll of enchant weapon {unknown}
 l - 2 scrolls of teleportation {unknown}
 m - a scroll of identify {unknown}
Potions
 d - a potion of might
 e - a potion of flight {unknown}
 f - a potion of heal wounds {unknown}
 g - a potion of resistance {unknown}
 h - 3 potions of curing {unknown}


   Skills:
 + Level 4.7 Fighting
 + Level 2.5 Long Blades
 + Level 3.2 Dodging
 + Level 3.6 Shields


You had 3 spell levels left.
You didn't know any spells.
Your spell library contained the following spells:

 Spells                   Type           Power      Damage    Failure   Level
 Foxfire                  Conj/Fire      0%         2x1d4     67%         1
 Magic Dart               Conj           0%         1d3       67%         1
 Inner Flame              Hex/Fire       0%         N/A       96%         3
 Animate Armour           Summ/Erth      0%         N/A       100%        4
 Cause Fear               Hex            0%         N/A       100%        4
 Sticky Flame             Conj/Fire      0%         2d3       100%        4
 Freezing Cloud           Conj/Ice/Air   0%         6-21      100%        5
 Discord                  Hex            0%         N/A       100%        8


Dungeon Overview and Level Annotations

Branches:
Dungeon (3/15)

Altars:
Wu Jian

Annotations:
D:2 Jessica


Innate Abilities, Weirdness & Mutations

You are too large for most types of armour.
You have tough skin. (AC +1)


Message History

The frilled lizard bites you.
You hit the frilled lizard.
The frilled lizard is heavily wounded.
Jessica casts a spell.
Jessica seems to speed up.
The frilled lizard bites you but does no damage.
You hit the frilled lizard.
You kill the frilled lizard!
The hobgoblin hits you.
You hit the hobgoblin.
The hobgoblin is heavily wounded.
The hobgoblin hits you.
You closely miss the hobgoblin.
The hobgoblin is heavily wounded.
The hobgoblin barely misses you.
You slash the hobgoblin!
You kill the hobgoblin!
You block the endoplasm's attack.
You barely miss the endoplasm.
The endoplasm hits you but does no damage.
You hit the endoplasm.
You kill the endoplasm!
Jessica shouts, "You are a ghastly nuisance!"
Jessica gestures at you while chanting. Pain shoots through your body!
You closely miss Jessica. Jessica hits you with a +0 mace.
Jessica closely misses you.
You hit Jessica but do no damage. You block Jessica's attack. x2
You hit Jessica but do no damage.
Jessica gestures wildly.
Jessica hits you with a +0 mace! Jessica hits you with a +0 mace.
* * * LOW HITPOINT WARNING * * *
You barely miss Jessica. Jessica hits you but does no damage.
Jessica points at you and mumbles some strange words.
Pain shoots through your body!
* * * LOW HITPOINT WARNING * * *
You closely miss Jessica. You block Jessica's attack.
Jessica casts a spell at you. Pain shoots through your body!
You die...

...###..## ##..#
....[....# ##..##
.........####..## .
......##.#....## .#
......##....### ..#
.##.#.####..######..#
.#..... #....##....#
..........##....####
..#....#........@@l#
..####........####..#
..# ##........ .....
.## #.#.#..>..
....... .#
...#>#####.. .......
.# # # ##........ .#
....?... .# .......
.#


You could see Jessica (fast) and a frilled lizard.

Vanquished Creatures
  Terence (D:2)
  A gnoll (D:1)
  An adder (D:2)
  A worm (D:2)
  2 dart slugs (D:2)
  2 endoplasms
  2 giant cockroaches (D:2)
  3 hobgoblins
  5 kobolds
  A ball python (D:2)
  2 frilled lizards
  3 goblins
  4 rats
28 creatures vanquished.

Notes
Turn   | Place    | Note
-------+----------+-------------------------------------------
     0 | D:1      | Thatpatchoflichen the Ogre Fighter began the quest for the
                  | Orb.
     0 | D:1      | Reached XP level 1. HP: 24/24 MP: 1/1
   301 | D:1      | Reached XP level 2. HP: 32/32 MP: 2/2
   333 | D:1      | Found a faded altar of an unknown god.
   863 | D:2      | Reached XP level 3. HP: 14/40 MP: 3/3
  1124 | D:2      | Found an ornate altar of the Wu Jian Council.
  1181 | D:2      | Got the Opusculum on Striking and Spelunking
  1467 | D:2      | Noticed Terence
  1484 | D:2      | Killed Terence
  1485 | D:2      | Reached XP level 4. HP: 4/49 MP: 4/4
  1786 | D:2      | Noticed Jessica
  1806 | D:2      | HP: 2/49 [Jessica/nerve-wracking pain (11)]
  1807 | D:2      | Killed from afar by Jessica

Illustrated notes

Levels and vault maps discovered:
D:1:      heliophobic_arrival_ceremonial_halls, layout_loops_corners,
          hellmonk_ecumenical_altar_prayer_group
D:2:      layout_rooms, basic_altar, uniq_jessica, uniq_terence
D:3:      corexii_shack_village, layout_basic, serial_shops,
          nicolae_lakefront_shop, shop, shop,
          nicolae_shop_temple_entry_statues_fountains, grunt_ministairs_8,
          pf_guarded_unrand_woodcutter

Skill      XL: |  1  2 |
---------------+-------+-----
Long Blades    | 2 |  2.5
Dodging        | 3 |  3.2
Fighting       | |  4.7
Shields        | |  3.6

Action                   |  1- 3 |  4- 6 || total
-------------------------+-------+-------++-------
Melee: Long sword        |    84 |    15 ||    99
Armor: Robe              |    20 |     6 ||    26
Dodge: Dodged            |    42 |     3 ||    45
Block: Kite shield       |    27 |     6 ||    33
